AoeStats
← Comandante Guts

Black Forest

506294186Analyzed
2v2 RM · 19d ago on Sep 13, 2026· 29m 23s· 4 players
Game mode
Random Map
Map size
Medium (4 player)
Population
200
Speed
Normal
Resources
Standard
Victory
Conquest
Starting age
Dark Age
Ending age
Imperial Age
RankedLock teamsTeams togetherTeam positionsShared explorationLock speedFull tech treeHidden civsTurbo modeCheats
Victory
Defeat
🇦🇷 Bulgarians · Argentina
781
+14
🇦🇷 Bohemians · Argentina
773
+15
🇨🇴 Byzantines · Colombia
775
-42
🇨🇴 Teutons · Colombia
715
-30
Soviante
10:22 Loom
13:28 Feudal Age
15:18 Double-Bit Axe
15:16 Horse Collar
15:31 Gold Mining
16:20 Wheelbarrow
21:39 Castle Age
22:37 Bow Saw
22:30 Heavy Plow
23:48 Hand Cart
Kiwisito
16:13 Feudal Age
15:44 Loom
Comandante Guts
0:32 Loom
15:34 Feudal Age
19:27 Castle Age
17:34 Double-Bit Axe
21:58 Chemistry
24:27 Horse Collar
24:34 Town Watch
Pickle Rick
13:38 Feudal Age
14:47 Double-Bit Axe
21:48 Castle Age
20:14 Gold Mining
20:56 Horse Collar
21:52 Stone Mining
26:22 Forging
27:15 Bow Saw
27:50 Heavy Plow
30:03 Wheelbarrow
Connection lost

Rejoining the realm…

Still unreachable

The connection could not be restored.

Session expired

The server has moved on; the page needs a fresh start.